 Dungeon Crawl Stone Soup version 0.29.1-1-gd02db6906a (webtiles) character file.

Game seed: 1249913763482452571

65 Icepheonix32 the Changer (level 4, 0/32 HPs)
             Began as a Merfolk Transmuter on Oct 4, 2022.
             Slain by a gnoll
             ... wielding a +0 club
              (6 damage)
             ... on level 3 of the Dungeon.
             The game lasted 00:03:22 (2631 turns).

Icepheonix32 the Changer (Merfolk Transmuter)       Turns: 2631, Time: 00:03:23

Health: 0/32       AC:  4    Str:  7 (10) XL:     4   Next: 14%
Magic:  5/7        EV: 12    Int: 13 (14) God:
Gold:   156        SH:  0    Dex: 11 (14) Spells: 1/7 levels left

rFire   + . .      SeeInvis .     - Unarmed
rCold   + . .      Faith    .   (no shield)
rNeg    . . .      Spirit   .   a - +0 robe
rPois   +          Reflect  .   (helmet currently unavailable)
rElec   +          Harm     .   c - +1 cloak
rCorr   +          Rampage  .   (no gloves)
Will    .....                   (boots currently unavailable)
Stlth   +.........              (no amulet)
HPRegen 0.10/turn               (no ring)
MPRegen 0.10/turn               (no ring)

@: appendages, resistant, wereblooded, flying
A: horns 2, (nimble swimmer 2), mertail
a: End Transformation


You were on level 3 of the Dungeon.
You had temporarily grown beastly horns.
You visited 1 branch of the dungeon, and saw 3 of its levels.

You collected 156 gold pieces.

Inventory:

Armour
 a - a +0 robe (worn)
 c - a +1 cloak (worn)
Scrolls
 b - a scroll of enchant weapon
 d - a scroll of blinking {unknown}
 g - a scroll of immolation {unknown}
Potions
 f - a potion of cancellation


   Skills:
 + Level 1.2 Fighting
 + Level 3.1 Dodging
 + Level 0.2 Stealth
 + Level 4.1 Unarmed Combat
 + Level 2.1 Spellcasting
 * Level 4.3 Transmutations


You had one spell level left.
You knew the following spells:

 Your Spells              Type           Power      Damage    Failure   Level
a - Beastly Appendage     Tmut           24%        N/A       4%          1
b - Wereblood             Tmut           12%        N/A       6%          2
c - Spider Form           Tmut/Pois      7%         N/A       30%         3

Your spell library contained the following spells:

 Spells                   Type           Power      Damage    Failure   Level
 Ice Form                 Ice/Tmut       7%         N/A       71%         4


Dungeon Overview and Level Annotations

Branches:
Dungeon (3/15)

Altars:


Innate Abilities, Weirdness & Mutations

You have temporarily grown beastly horns.
((You are very nimble when in or above water. (Stealth+, EV+, Speed+++)))
Your lower body shifts to a powerful aquatic tail in water.


Message History

The gnoll hits you from afar with a +0 spear.
* * * LOW HITPOINT WARNING * * *
The bat misses you.
Unknown command.
As you read the scroll of butterflies, it crumbles to dust.
You hear the tinkle of a tiny bell.
The bat closely misses you. The gnoll misses you.
Casting: Wereblood (safe; 6% risk of failure)
Confirm with . or Enter, or press ? or * to list all spells.
You grow a pair of large bovine horns.
You howl as the wereblood boils in your veins!
The bat hits you but does no damage. x2; The gnoll completely misses you.
The bat hits you but does no damage.
You closely miss the bat. The bat barely misses you.
The gnoll hits you from afar with a +0 spear.
* * * LOW HITPOINT WARNING * * *
The bat hits you.
* * * LOW HITPOINT WARNING * * *
Unknown command.
You swap places.
A gnoll comes into view. It is wielding a +0 club.
The bat barely misses your butterfly. The gnoll barely misses you.
You barely miss the gnoll. The bat closely misses your butterfly.
The gnoll hits your butterfly with a +0 spear!
Your butterfly dies!
Your butterfly disappears in a burst of colours!
Unknown command.
Okay, then.
You feel better. The bat closely misses your butterfly.
The bat completely misses your butterfly.
You closely miss the gnoll. The bat misses your butterfly.
The bat hits your butterfly.
Your butterfly dies!
Your butterfly disappears in a burst of colours!
The gnoll hits you with a +0 spear!
* * * LOW HITPOINT WARNING * * *
You closely miss the gnoll.
You headbutt the gnoll, but do no damage.
The bat hits you but does no damage. The gnoll hits you with a +0 club.
You die...

...............##..#
...................#
............<..###.
.####...########
#...# #...# #..<#
#..J#####
..#######.o.Sb@g#
...........g###g#
...........## .#
......##.#.# ..
....#. #.#.# .## ...
# #.#.# .. .. ..#..
.. . ##### #.


You could see 2 gnolls, an orc, an endoplasm, a hobgoblin, a bat and a ball
python.

Vanquished Creatures
  2 adders
  2 dart slugs (D:1)
  3 orcs (D:3)
  4 ball pythons
  An endoplasm (D:1)
  A giant cockroach (D:2)
  A goblin (D:1)
  6 hobgoblins
  4 jackals (D:1)
  3 kobolds
  2 quokkas (D:1)
  2 bats (D:2)
  3 frilled lizards (D:1)
  3 rats
37 creatures vanquished.

Notes
Turn   | Place    | Note
-------+----------+-------------------------------------------
     0 | D:1      | Icepheonix32 the Merfolk Transmuter began the quest for the
                  | Orb.
     0 | D:1      | Reached XP level 1. HP: 15/15 MP: 3/3
   389 | D:1      | Reached XP level 2. HP: 15/21 MP: 5/5
   526 | D:1      | Found a faded altar of an unknown god.
  1074 | D:1      | Reached XP level 3. HP: 26/26 MP: 4/6
  2385 | D:2      | Learned a level 2 spell: Wereblood
  2394 | D:2      | Learned a level 3 spell: Spider Form
  2575 | D:3      | Reached XP level 4. HP: 30/32 MP: 7/7
  2631 | D:3      | Slain by a gnoll

Illustrated notes

Levels and vault maps discovered:
D:1:      dreamdust_arrival_sigmund_warning, layout_loops_cross,
          shapermc_ecumenical_altar_flowoftime
D:2:      layout_basic, solitary_fountain, nicolae_eternal_life
D:3:      layout_loops_cross, kennysheep_nub, grunt_decor_arrowhead, uniq_robin

Skill      XL: |  1  2  3 |
---------------+----------+-----
Transmutations | 3 4 |  4.3
Dodging        | 3 |  3.1
Unarmed Combat | 4 |  4.1
Fighting       | |  1.2
Stealth        | |  0.2
Spellcasting   | |  2.1

Action                   |  1- 3 |  4- 6 || total
-------------------------+-------+-------++-------
Melee: Unarmed           |   107 |    10 ||   117
       Headbutt          |     7 |     1 ||     8
       Punch             |     1 |     1 ||     2
 Cast: Beastly Appendage |    21 |     2 ||    23
       Wereblood         |       |     1 ||     1
  Use: Potion            |     1 |     4 ||     5
       Scroll            |     4 |     1 ||     5
 Stab: Sleeping          |     1 |       ||     1
Armor: Robe              |    26 |     6 ||    32
       Skin              |     5 |       ||     5
Dodge: Dodged            |    82 |    16 ||    98
